 Dungeon Crawl Stone Soup version 0.20.1-1-g8b1a95d66d (webtiles) character file.

3600 Pixllover the Slicer (level 9, -15/121 HPs)
             Began as a Minotaur Berserker on Jan 6, 2018.
             Was a High Priest of Trog.
             Demolished by an orc warrior
             ... wielding the +4 spear of Armageddon {speed, +Inv +Fly Str+3}
              (16 damage)
             ... in a bailey.
             The game lasted 00:24:23 (7189 turns).

Pixllover the Slicer (Minotaur Berserker)           Turns: 7189, Time: 00:24:24

Health: -15/121    AC: 10    Str: 29    XL:     9   Next: 85%
Magic:  8/8        EV: 14    Int:  7    God:    Trog [*****.]
Gold:   359        SH:  0    Dex: 11    Spells: 8/8 levels left

rFire    . . .     SeeInvis .   d - +2 short sword (distort)
rCold    . . .     Gourm    .   (no shield)
rNeg     . . .     Faith    .   n - +4 ring mail of the Sunfish {rPois Int+3}
rPois    +         Spirit   .   (helmet restricted)
rElec    .         Reflect  .   (no cloak)
rCorr    +         Harm     .   (no gloves)
MR       .....                  (no boots)
Stlth    ..........             (no amulet)
Regen    0.3/turn               A - ring of resist corrosion
MPRegen  0.2/turn               (no ring)

@: berserking, very quick
A: retaliatory headbutt, horns 2
a: Berserk, Trog's Hand, Brothers in Arms, Burn Spellbooks, Renounce Religion


You were in a bailey.
You worshipped Trog.
Trog was extremely pleased with you.
You were hungry.

You visited 1 branch of the dungeon, and saw 8 of its levels.
You also visited: Bailey.

You collected 386 gold pieces.
You spent 27 gold pieces at shops.

Inventory:

Hand Weapons
 a - a +1 mace
 d - a +2 short sword of distortion (weapon)
 z - a +3 hand axe
Missiles
 o - 5 tomahawks of returning (quivered)
Armour
 b - a +0 animal skin
 l - a +2 ring mail
 n - the +4 ring mail of the Sunfish (worn) {rPois Int+3}
   (You took it off an orc priest on level 5 of the Dungeon)

   It affects your intelligence (+3).
   It protects you from poison.
Jewellery
 A - a ring of resist corrosion (left hand)
Wands
 g - a wand of enslavement (12/24)
 q - a wand of polymorph (19/24)
 r - a wand of iceblast (10/15)
 t - a wand of paralysis (8/24)
 u - a wand of flame (20/48)
 y - a wand of lightning (10/15)
Scrolls
 h - 2 scrolls of blinking
 i - a scroll of recharging
 m - 2 scrolls of identify
 p - a scroll of fog
 s - a scroll of enchant weapon
 v - 2 scrolls of teleportation
Potions
 e - 9 potions of curing
 f - 3 potions of flight
 j - 3 potions of haste
 w - a potion of agility
Comestibles
 c - 5 bread rations
 x - 3 meat rations


   Skills:
 + Level 7.8 Fighting
 + Level 9.4 Short Blades
 + Level 6.1 Maces & Flails
 + Level 8.2 Armour
 + Level 5.9 Dodging
 + Level 2.0 Stealth


You had 8 spell levels left.
You didn't know any spells.

Dungeon Overview and Level Annotations

Branches:
Dungeon (8/15)             Temple (0/1) D:7
   Lair: D:8-11

Altars:
Hepliaklqana
Ru
Sif Muna
Trog

Shops:
D:4 =   D:7 *

Annotations:
D:7 1 runed door


Innate Abilities, Weirdness & Mutations

You reflexively headbutt those who attack you in melee.
You have a pair of horns on your head.


Message History

Space warps horribly around the orc warlord!
You headbutt the orc warlord, but do no damage.
The orc warlord is moderately wounded.
The orc warlord roars a battlecry!
A gnoll comes into view. It is wielding a hand axe.
You hit the orc warlord but do no damage.
Space bends around the orc warlord.
The orc warlord is moderately wounded.
You puncture the orc warlord!
Space bends around the orc warlord.
The orc warlord is heavily wounded.
The orc no longer looks unusually strong.
The orc warrior hits you from afar with an ichor-stained spear {speed}.
* * * LOW HITPOINT WARNING * * *
The orc warrior hits you with a war axe!
* * * LOW HITPOINT WARNING * * *
The orc warlord blocks your attack. x2
The orc warlord is heavily wounded.
The orc warlord misses you.
The orc warrior hits you from afar with an ichor-stained spear {speed}!
You die...

###.### ###.
###.....### ###...
##.........###.....
#.........))#......
#.........)))).....
#.....⌠..).)#)....⌠
#........)..#......
#...........#......
###@o.......###.....
###.#o#.....###
###...
###...oo###.### ###.
#?....ooo.### ##
?.....ooo.8# #
!.......o.8# #
∩....⌠.g...goo.. #
!.........8#go.. #
?!........8##o.. #


You could see an orc warlord, 6 orc warriors, a gnoll and 4 orcs.

Vanquished Creatures
  The ghost of Artagas the Archer, a novice CeHu of Okawaru (D:7)
  Joseph (D:7)
  A spriggan (D:7)
  Duvessa (D:5)
  5 orc warriors
  2 phantoms (D:7)
  2 sky beasts
  2 ogres
  A centaur (D:7)
  3 bullfrogs (D:6)
  Dowan (D:5)
  3 howler monkeys
  2 bullfrog zombies
  6 crimson imps
  A centaur skeleton (D:7)
  2 jellies (D:7)
  A hound (D:4)
  3 orc wizards (D:7)
  2 orc priests (D:5)
  2 iguanas
  4 worker ants
  2 hound skeletons (D:4)
  A howler monkey zombie (D:5)
  11 adders
  6 gnolls (Bailey)
  3 adder zombies
  A worm (D:2)
  2 dart slugs (D:1)
  7 leopard geckos
  30 orcs
  A ball python (D:3)
  13 bats
  4 giant cockroaches
  17 goblins
  13 hobgoblins
  6 jackals
  3 quokkas
  2 frilled lizards
  A jackal skeleton (D:5)
  8 kobolds
  A leopard gecko zombie (D:6)
  A quokka skeleton (D:6)
  6 rats
185 creatures vanquished.

Vanquished Creatures (others)
  A wizard (D:3)
  A gnoll (Bailey)
  2 orcs
  A hobgoblin (Bailey)
5 creatures vanquished.

Grand Total: 190 creatures vanquished

Notes
Turn   | Place    | Note
-------+----------+-------------------------------------------
     0 | D:1      | Pixllover the Minotaur Berserker began the quest for the Orb.
     0 | D:1      | Reached XP level 1. HP: 19/19 MP: 0/0
   378 | D:1      | Reached XP level 2. HP: 27/27 MP: 1/1
   559 | D:1      | Reached XP level 3. HP: 23/33 MP: 2/2
  1203 | D:2      | Reached ** piety under Trog
  1584 | D:3      | Reached XP level 4. HP: 41/41 MP: 3/3
  1632 | D:3      | Reached skill level 5 in Maces & Flails
  1900 | D:3      | Reached skill level 5 in Fighting
  2563 | D:3      | Found a bloodstained altar of Trog.
  2567 | D:3      | Noticed a wizard
  2572 | D:3      | Killed a wizard
  2691 | D:3      | Reached XP level 5. HP: 38/48 MP: 4/4
  3258 | D:4      | Reached XP level 6. HP: 49/56 MP: 5/5
  3338 | D:4      | Reached skill level 1 in Short Blades
  3519 | D:4      | Found Jozesk's Jewellery Boutique.
  3995 | D:5      | Entered Level 5 of the Dungeon
  3998 | D:5      | Reached skill level 1 in Stealth
  4012 | D:5      | Reached *** piety under Trog
  4096 | D:5      | Reached skill level 2 in Short Blades
  4096 | D:5      | Reached XP level 7. HP: 25/63 MP: 6/6
  4202 | D:5      | Noticed Duvessa
  4205 | D:5      | Noticed Dowan
  4207 | D:5      | Killed Duvessa
  4207 | D:5      | Reached skill level 5 in Armour
  4216 | D:5      | Killed Dowan
  4277 | D:5      | Reached skill level 3 in Short Blades
  4283 | D:5      | Got a smoking ring mail
  4294 | D:5      | Identified the +4 ring mail of the Sunfish {rPois Int+3} (You took it off an orc priest on level 5 of the Dungeon)
  4630 | D:6      | Reached skill level 4 in Short Blades
  4630 | D:6      | Reached XP level 8. HP: 70/71 MP: 7/7
  5008 | D:7      | Reached skill level 5 in Short Blades
  5034 | D:7      | Found a sacrificial altar of Ru.
  5047 | D:7      | Found a deep blue altar of Sif Muna.
  5047 | D:7      | Found a hazy altar of Hepliaklqana.
  5054 | D:7      | Noticed Artagas's ghost (novice CeHu)
  5068 | D:7      | Killed Artagas's ghost
  5068 | D:7      | Reached skill level 6 in Short Blades
  5074 | D:7      | Reached **** piety under Trog
  5194 | D:7      | Reached XP level 9. HP: 71/78 MP: 8/8
  5235 | D:7      | Found a staircase to the Ecumenical Temple.
  5271 | D:7      | Reached skill level 5 in Dodging
  5370 | D:7      | Reached skill level 7 in Short Blades
  5788 | D:7      | Noticed a sixfirhy
  5789 | D:7      | Found a runed door.
  5989 | D:7      | Noticed Joseph
  6123 | D:7      | HP: 1/79 [Joseph/hunting sling (8)]
  6126 | D:7      | Killed Joseph
  6126 | D:7      | Reached skill level 8 in Short Blades
  6464 | D:7      | Found Vehed's Assorted Antiques.
  6472 | D:7      | Bought a scroll labeled OLAJOI RAPNEIDGH for 27 gold pieces
  6738 | D:8      | Found a flagged portal.
  6750 | Bailey   | Entered a bailey
  6882 | Bailey   | Reached skill level 9 in Short Blades
  6884 | Bailey   | Reached ***** piety under Trog
  7157 | Bailey   | Noticed an orc warlord
  7188 | Bailey   | HP: 1/121 [orc warrior/war axe (14)]
  7189 | Bailey   | Identified the +4 spear of Armageddon {speed, +Inv +Fly Str+3}
  7189 | Bailey   | Demolished by an orc warrior

Skill      XL: |  1  2  3  4  5  6  7  8  9 |
---------------+----------------------------+-----
Fighting       | 4 5 6 7 |  7.8
Maces & Flails | 4 5 6 |  6.1
Armour         | 3 4 6 7 8 |  8.2
Dodging        | 3 4 5 |  5.9
Short Blades   | 2 4 6 9 |  9.4
Stealth        | 1 2 |  2.0

Action                   |  1- 3 |  4- 6 |  7- 9 || total
-------------------------+-------+-------+-------++-------
Melee: Mace              |    54 |    40 |       ||    94
       Headbutt          |     7 |    16 |    48 ||    71
       Short sword       |       |    63 |   282 ||   345
Invok: Berserk           |       |       |     4 ||     4
  Use: Scroll            |     1 |     5 |    12 ||    18
       Potion            |     1 |     1 |     4 ||     6
  Eat: Chunk             |     2 |     3 |     7 ||    12
       Bread ration      |       |     1 |     1 ||     2
       Royal jelly       |       |       |     1 ||     1
Armor: Animal skin       |    20 |     1 |       ||    21
       Ring mail         |       |    32 |    92 ||   124
Dodge: Dodged            |    53 |    77 |   144 ||   274
